 Dungeon Crawl Stone Soup version 0.20-a0-522-g0b37eee (webtiles) character file.

567 AlphabetPasta the Slasher (level 6, 0/52 HPs)
             Began as a Demigod Fighter on Jan 24, 2017.
             Succumbed to a water moccasin's poison
             ... on level 5 of the Dungeon on Jan 25, 2017.
             The game lasted 00:10:33 (2031 turns).

AlphabetPasta the Slasher (Demigod Fighter)         Turns: 2031, Time: 00:10:34

Health: 0/52       AC: 12    Str: 19    XL:     6   Next: 85%
Magic:  8/8        EV:  9    Int: 12    God:
Gold:   58         SH: 11    Dex: 19    Spells: 5/5 levels left

rFire    . . .     SeeInvis .   a - +0 long sword
rCold    . . .     Gourm    .   b - +0 scale mail
rNeg     . . .     Faith    .   c - +1 shield
rPois    .         Spirit   .   k - +1 helmet
rElec    .         Reflect  .   (no cloak)
rCorr    .         Harm     .   m - +2 pair of gloves
MR       .....                  (no boots)
Stlth    ..........             (no amulet)
Regen    0.2/turn               (no ring)
                                (no ring)

@: lethally poisoned (0 -> -3), very slightly contaminated, invisible
A: high mp 1
a: no special abilities


You were on level 5 of the Dungeon.
You were not hungry.

You visited 1 branch of the dungeon, and saw 4 of its levels.

You collected 58 gold pieces.

Inventory:

Hand Weapons
 a - a +0 long sword (weapon)
 l - a +0 hunting sling
Armour
 b - a +0 scale mail (worn)
 c - a +1 shield (worn)
 k - a +1 helmet (worn)
 m - a +2 pair of gloves (worn)
Jewellery
 e - a cursed -3 ring of strength {unknown}
 h - an uncursed amulet of regeneration {unknown}
 o - an uncursed ring of stealth {unknown}
 p - a +4 ring of slaying {unknown}
Potions
 i - 2 potions of flight
 q - a potion of brilliance
Comestibles
 d - 5 chunks of flesh
 f - 2 bread rations
 j - a royal jelly


   Skills:
 + Level 3.9 Fighting
 * Level 4.3 Long Blades
 + Level 3.9 Armour
 + Level 2.5 Dodging
 + Level 3.7 Shields


You had 5 spell levels left.
You didn't know any spells.

Dungeon Overview and Level Annotations

Branches:
Dungeon (3/15)


Innate Abilities, Weirdness & Mutations

You have an increased reservoir of magic. (+10% MP)


Message History

The orc shouts!
* * * LOW HITPOINT WARNING * * *
You feel sick.
The orc shouts!
You block the howler monkey's attack.
Your shield and scale mail prevent you from hitting the howler monkey.
The orc shouts!
The howler monkey closely misses you.
A sky beast appears from thin air!
Reactivating autopickup.
You block the howler monkey's attack.
You closely miss the howler monkey.
* * * LOW HITPOINT WARNING * * *
You feel sick.
The orc shouts!
The ooze closely misses you. You block the howler monkey's attack.
You block the ooze's attack.
Unknown command.
You slash the howler monkey!
The howler monkey is heavily wounded.
You die...

#### ### ### #.. ..# ..# #.# #.#
#.####.### #.#
#.##.....#########(##
#s##.#.#............#########
#.##.#.#.##J@...........).)..
####.##J#.⌠.⌠#h.###.#.)###.#####
#.?........_....# #.#..# #.# #
#.##.##...⌠.⌠.... .....# #.# #
#....#.#....o###....# #.# #
#.####.####YS# #..... ..# ## #.#
#.. .... .........# #. #h. ....
...######.###.# #. S.. ##### #.#
#.


You could see a sky beast, a howler monkey, an ooze, an adder and an orc.

Vanquished Creatures
  A water moccasin (D:5)
  2 ice beasts (D:5)
  A jelly (D:5)
  3 orc wizards (D:5)
  2 worker ants (D:5)
  A hound skeleton (D:5)
  Robin (D:3)
  An ooze (D:1)
  4 leopard geckos
  6 orcs
  2 ball pythons
  7 bats
  5 giant cockroaches
  15 goblins
  10 hobgoblins
  3 jackals (D:1)
  A quokka (D:2)
  5 frilled lizards
  5 kobolds
  2 rats (D:1)
77 creatures vanquished.

Notes
Turn   | Place    | Note
-------+----------+-------------------------------------------
     0 | D:1      | AlphabetPasta the Demigod Fighter began the quest for the Orb.
     0 | D:1      | Reached XP level 1. HP: 18/18 MP: 3/3
    78 | D:1      | Reached skill level 2 in Long Blades
    94 | D:1      | Reached XP level 2. HP: 12/25 MP: 4/4
   604 | D:1      | Reached XP level 3. HP: 30/30 MP: 5/5
   788 | D:2      | Reached skill level 1 in Dodging
  1345 | D:3      | Noticed Robin
  1408 | D:3      | Killed Robin
  1408 | D:3      | Reached XP level 4. HP: 21/38 MP: 6/6
  1776 | D:3      | You fall through a shaft for 2 floors!
  1776 | D:5      | Entered Level 5 of the Dungeon
  1790 | D:5      | Reached skill level 3 in Long Blades
  1795 | D:5      | Found a shadowy altar of Dithmenos.
  1851 | D:5      | Noticed an ice beast
  1902 | D:5      | Killed an ice beast
  1902 | D:5      | Reached XP level 5. HP: 22/45 MP: 7/7
  1934 | D:5      | Noticed an ice beast
  1945 | D:5      | Reached XP level 6. HP: 20/51 MP: 8/8
  1954 | D:5      | Reached skill level 4 in Long Blades
  1971 | D:5      | Found a sparkling altar of Nemelex Xobeh.
  2008 | D:5      | Noticed a water moccasin
  2026 | D:5      | HP: 2/52 [poisoned by a water moccasin]
  2027 | D:5      | Killed a water moccasin
  2031 | D:5      | Succumbed to a water moccasin's poison

Vault maps used:
D:1:      lightli_arrival_noodles, minmay_misc_feat_hallway
D:3:      cheibrodos_helix_gallery, first_bread, uniq_robin
D:5:      nemelex_xobeh_ov_fountains_minmay, nicolae_dithmenos_shadow_blocks,
          minmay_temple_entry_trees, portal_sewer_entry_f

Skill      XL: |  1  2  3  4  5  6 |
---------------+-------------------+-----
Long Blades    | 2 3 4 |  4.3
Shields        | 3 |  3.7
Armour         | 3 |  3.9
Dodging        | 1 2 |  2.5
Fighting       | 3 |  3.9

Action                   |  1- 3 |  4- 6 || total
-------------------------+-------+-------++-------
Melee: Long sword        |   171 |    82 ||   253
  Use: Scroll            |     9 |     1 ||    10
       Potion            |     2 |     4 ||     6
 Stab: Invisible         |       |     2 ||     2
  Eat: Chunk             |     1 |     3 ||     4
Armor: Scale mail        |    64 |    32 ||    96
Dodge: Dodged            |    54 |    19 ||    73
Block: Shield            |    93 |    45 ||   138
       Rpst.: Long sword |    19 |     6 ||    25
